 Dungeon Crawl Stone Soup version 0.27.1-34-g3ba077fa99 (webtiles) character file.

Game seed: 6343096924910459204

15584 Kaptain the Geomancer (level 12, 0/71 HPs)
             Began as a Gargoyle Earth Elementalist on Jan 25, 2022.
             Slain by a wolf (2 damage)
             ... on level 2 of the Lair of Beasts.
             The game lasted 00:42:01 (17688 turns).

Kaptain the Geomancer (GrEE)                       Turns: 17688, Time: 00:42:03

Health: 0/71       AC: 14    Str: 14    XL:     12   Next: 28%
Magic:  2/24       EV: 17    Int: 19    God:
Gold:   299        SH:  0    Dex: 10    Spells: 22/28 levels left

rFire    . . .     SeeInvis .   j - +1 war axe
rCold    . . .     Faith    .   (no shield)
rNeg     + . .     Spirit   .   p - +0 leather armour
rPois    ∞         Reflect  .   (no helmet)
rElec    +         Harm     .   s - +0 cloak
rCorr    .         Rampage  .   (no gloves)
Will     .....                  (no boots)
Stlth    +++.......             (no amulet)
HPRegen  0.21/turn              a - ring of wizardry
MPRegen  0.19/turn              k - +4 ring of evasion

@: no status effects
A: sickness immunity, AC +8, negative energy resistance 1, electricity
resistance, torment resistance 1, petrification resistance
a: no special abilities


You were on level 2 of the Lair of Beasts.
You visited 3 branches of the dungeon, and saw 11 of its levels.
You also visited: Ossuary and Ice Cave.

You collected 442 gold pieces.
You spent 143 gold pieces at shops.

Inventory:

Hand Weapons
 b - a +1 vorpal morningstar
 j - a +1 war axe (weapon)
 F - a +3 battleaxe of freezing
 G - a +3 short sword of freezing
Armour
 p - a +0 leather armour (worn)
 s - a +0 cloak (worn)
Jewellery
 a - a ring of wizardry (left hand)
 g - a ring of wizardry
 h - a ring of protection from fire
 k - a +4 ring of evasion (right hand)
Wands
 f - a wand of flame (22)
 i - a wand of acid (12)
 u - a wand of mindburst (9)
Scrolls
 c - a scroll of magic mapping
 e - 2 scrolls of enchant weapon
 r - a scroll of amnesia
 t - 2 scrolls of fog
 w - a scroll of identify
 y - 3 scrolls of summoning
 A - 2 scrolls of blinking
 D - a scroll of teleportation
 E - a scroll of immolation
Potions
 d - 3 potions of cancellation
 l - 3 potions of mutation
 m - a potion of flight
 n - a potion of curing
 o - 3 potions of might
 q - 3 potions of haste
 x - a potion of invisibility
 C - a potion of berserk rage


   Skills:
 + Level 6.9 Fighting
 + Level 6.8 Armour
 + Level 5.5 Dodging
 + Level 7.9 Stealth
 * Level 8.6 Spellcasting
 * Level 8.8 Conjurations
 - Level 0.7 Transmutations
 * Level 11.3 Earth Magic


You had 22 spell levels left.
You knew the following spells:

 Your Spells              Type           Power      Damage    Failure   Level
a - Sandblast             Erth           100%       2d20      1%          1
b - Stone Arrow           Conj/Erth      92%        3d12      1%          3
c - Blink                 Tloc           N/A        N/A       6%          2

Your spell library contained the following spells:

 Spells                   Type           Power      Damage    Failure   Level
 Passwall                 Tmut/Erth      25%        N/A       1%          2
 Sting                    Tmut/Pois      36%        1d4       3%          1
 Petrify                  Tmut/Erth      31%        N/A       3%          4
 Corona                   Hex            8%         N/A       4%          1
 Freeze                   Ice            32%        1d5       4%          1
 Ensorcelled Hibernation  Hex/Ice        16%        N/A       6%          2
 Poisonous Vapours        Pois/Air       16%        N/A       6%          2
 Hailstorm                Conj/Ice       24%        3d7       7%          4
 Frozen Ramparts          Ice            16%        1d3       12%         3
 Lesser Beckoning         Tloc           4%         N/A       12%         3
 Tukima's Dance           Hex            8%         N/A       12%         3
 Olgreb's Toxic Radiance  Pois           8%         N/A       38%         4
 Manifold Assault         Tloc           8%         N/A       71%         5


Dungeon Overview and Level Annotations

Branches:
Dungeon (8/15)             Temple (1/1) D:5            Lair (2/6) D:8
  Snake (0/4) Lair:2      Ossuary (visited)           IceCv (visited)
  Swamp: Lair:2-4    Shoals: Lair:2-4

Altars:
Ashenzari
Cheibriados
Dithmenos
Elyvilon
Fedhas
Gozag
Hepliaklqana
Kikubaaqudgha
Makhleb
Nemelex Xobeh
Okawaru
Qazlal
Ru
Sif Muna
Trog
Uskayaw
Vehumet
Wu Jian
Xom
Yredelemnul
Zin
The Shining One

Shops:
D:5 *   D:8 [

Annotations:
D:4 Edmund


Innate Abilities, Weirdness & Mutations

You are immune to sickness and miasma.
Your stone body is resilient. (AC +8)
You are immune to poison.
You resist negative energy. (rN+)
You are resistant to electric shocks. (rElec)
You are resistant to unholy torment.
You are immune to petrification.


Message History

The two-headed ogre simulacrum is almost destroyed.
A cane toad simulacrum comes into view.
Casting: Stone Arrow (safe; 1% risk of failure)
Confirm with . or Enter, or press ? or * to list all spells.
You don't have any stones to cast with.
Unknown command.
Unknown command.
Unknown command.
Casting: Sandblast (safe; 1% risk of failure)
Confirm with . or Enter, or press ? or * to list all spells.
Aiming: Stone Arrow (safe; 1% risk of failure)
Press: ? - help, Shift-Dir - straight line, f/p - two-headed ogre simulacrum
Aim: a two-headed ogre simulacrum (almost destroyed, 100% to hit)
The stone arrow hits the two-headed ogre simulacrum!!
The two-headed ogre simulacrum vaporises!
Casting: Stone Arrow (safe; 1% risk of failure)
Confirm with . or Enter, or press ? or * to list all spells.
Aiming: Stone Arrow (safe; 1% risk of failure)
Press: ? - help, Shift-Dir - straight line, f - troll simulacrum
Aim: a troll simulacrum (92% to hit)
The stone arrow hits the troll simulacrum!!
The troll simulacrum vaporises!
Casting: Stone Arrow (safe; 1% risk of failure)
Confirm with . or Enter, or press ? or * to list all spells.
Aiming: Stone Arrow (safe; 1% risk of failure)
Press: ? - help, Shift-Dir - straight line, f - death yak simulacrum
Aim: a death yak simulacrum (100% to hit)
The stone arrow hits the death yak simulacrum!!
The death yak simulacrum is heavily damaged.
You hit the death yak simulacrum.
The death yak simulacrum is heavily damaged.
The death yak simulacrum gores you! The death yak simulacrum freezes you!!
There is an ice covered gate leading back out of this place here.
The cane toad simulacrum hits you. The cane toad simulacrum freezes you!!
* * * LOW HITPOINT WARNING * * *
Welcome back to the Lair of Beasts!
The wolf barely misses you. x2
The wolf bites you.
* * * LOW HITPOINT WARNING * * *
The wolf bites you.
You die...

**,*,********,,,,,,,,*,*****,,**
,,,,,,,,,,.,...##P.#.*** *,,**
,,,,,,,,,,#.........#* **,,,*
,********,#.#....#P.#*###*#,*,,*
,** *.#..#...#..##..#..*,,,* ,,*
*...#.#..........,,,,,,* ,,*
****.#.....#......#**,*,,,*
,,****,,,......hh....#####*,,,**
,,,,,,,*,*....#h@.#...h..#**,,.#
,***,*,,*#P.....hh...###.###,..#
,* ***,**#......#...###P.h.#..#*
,** *,,*#...........###......# *
,,* *,*,#....#..P#..##Ph.##..#**
,** **,**.#....####..†..........,
,,***,,***##...*#................
,,,,,,,***,#..#*#.#....P.P##.###.
,,,*,*,,,,,..,,....###....##..##.


You could see 5 wolves.

Vanquished Creatures
  4 hydras
  A cyclops (D:7)
  6 elephants (D:8)
  3 cane toads (Lair:1)
  4 komodo dragons
  4 blink frogs (Lair:1)
  A meliai zombie (D:8)
  Sigmund (D:5)
  2 wyverns
  17 yaks
  A steam dragon (D:8)
  3 vampire mosquitoes (D:7)
  Menkaure (D:7)
  An acid dragon (D:8)
  2 water moccasins
  A sky beast (D:6)
  An orc warrior (D:8)
  2 ice beasts
  A black bear (D:6)
  A hornet zombie (D:7)
  An ogre (D:7)
  4 necrophages
  2 centaurs
  2 phantoms
  2 kobold brigands
  2 elf zombies (Ossuary)
  Blork the orc (D:4)
  2 bullfrogs
  A gnoll sergeant (D:8)
  A water moccasin zombie (D:7)
  A two-headed ogre simulacrum (IceCv)
  A scorpion (D:5)
  A wyvern zombie (D:7)
  5 killer bees (D:7)
  13 wights
  2 bullfrog zombies
  4 centaur zombies
  A jelly (D:3)
  3 hounds
  2 orc priests
  A bullfrog skeleton (D:6)
  2 human zombies
  Crazy Yiuf (D:4)
  4 iguanas
  Ijyb (D:3)
  Natasha (thrice) (D:3)
  4 orc wizards
  A spriggan simulacrum (IceCv)
  2 troll simulacra (IceCv)
  4 killer bee zombies
  3 mummies
  A howler monkey zombie (D:7)
  7 gnolls
  4 adders
  A naga simulacrum (IceCv)
  2 shadow imps
  A white imp (D:8)
  2 ufetubi (IceCv)
  2 adder skeletons (D:4)
  2 dart slugs (D:4)
  26 orcs
  5 ball pythons
  4 endoplasms
  2 giant cockroaches
  5 hobgoblins
  15 kobolds
  A quokka (D:1)
  3 bats
  2 frilled lizards
  3 goblins
  2 goblin zombies (Ossuary)
  10 hobgoblin zombies (Ossuary)
  2 jackal zombies (Ossuary)
  7 kobold zombies (Ossuary)
  11 orc zombies (Ossuary)
  2 rats
  A butterfly (D:5)
257 creatures vanquished.

Vanquished Creatures (others)
  9 fungi
  4 plants
13 creatures vanquished.

Grand Total: 270 creatures vanquished

Notes
Turn   | Place    | Note
-------+----------+-------------------------------------------
     0 | D:1      | Kaptain the Gargoyle Earth Elementalist began the quest for
                  | the Orb.
     0 | D:1      | Reached XP level 1. HP: 10/10 MP: 3/3
   269 | D:1      | Reached XP level 2. HP: 6/15 MP: 0/5
  1556 | D:2      | Reached skill level 4 in Earth Magic
  2003 | D:3      | Reached XP level 3. HP: 20/20 MP: 3/6
  2007 | D:3      | Learned a level 3 spell: Stone Arrow
  2050 | D:3      | Reached skill level 1 in Armour
  2105 | D:3      | Noticed Natasha
  2125 | D:3      | Killed Natasha
  2126 | D:3      | Reached skill level 1 in Fighting
  2126 | D:3      | Reached XP level 4. HP: 10/25 MP: 0/7
  2287 | D:3      | Noticed Natasha
  2295 | D:3      | Killed Natasha
  2455 | D:3      | Reached XP level 5. HP: 29/29 MP: 2/9
  2493 | D:3      | HP: 2/43 [something/magic dart (4)]
  2807 | D:3      | Found a hide-covered altar of Uskayaw.
  3015 | D:3      | Noticed Natasha
  3024 | D:3      | Killed Natasha
  3157 | D:3      | Noticed Ijyb
  3161 | D:3      | Killed Ijyb
  3162 | D:3      | Reached skill level 5 in Earth Magic
  3188 | D:3      | Reached XP level 6. HP: 25/35 MP: 0/11
  3842 | D:4      | Found a sand-covered staircase.
  3900 | Ossuary  | Entered an ossuary
  4352 | Ossuary  | Reached XP level 7. HP: 30/40 MP: 2/12
  4858 | D:4      | You fall into a shaft and drop 1 floor!
  4858 | D:5      | Entered Level 5 of the Dungeon
  4930 | D:4      | Noticed Edmund
  5087 | D:4      | Noticed Blork the orc
  5089 | D:4      | Killed Blork the orc
  5090 | D:4      | Reached skill level 6 in Earth Magic
  5883 | D:4      | Found a runed translucent door.
  5884 | D:4      | Noticed Crazy Yiuf
  5894 | D:4      | Killed Crazy Yiuf
  6364 | D:4      | Found a burning altar of Makhleb.
  6829 | D:5      | Reached skill level 1 in Conjurations
  6829 | D:5      | Reached XP level 8. HP: 45/45 MP: 7/14
  6868 | D:5      | Found Zowkunuq's General Store.
  6897 | D:5      | Bought a potion of heal wounds for 55 gold pieces
  6897 | D:5      | Bought a potion of invisibility for 88 gold pieces
  6918 | D:5      | Noticed Sigmund
  6921 | D:5      | Killed Sigmund
  7109 | D:5      | Found a staircase to the Ecumenical Temple.
  7118 | Temple   | Entered the Ecumenical Temple
  7887 | D:6      | Reached skill level 7 in Earth Magic
  8021 | D:6      | Reached skill level 5 in Spellcasting
  8558 | D:6      | Reached XP level 9. HP: 52/52 MP: 9/16
  8794 | D:6      | Reached skill level 5 in Stealth
  9175 | D:7      | Noticed Menkaure
  9177 | D:7      | Noticed a cyclops
  9207 | D:7      | Killed a cyclops
  9213 | D:7      | Killed Menkaure
  9214 | D:7      | Reached skill level 8 in Earth Magic
  9920 | D:7      | Reached skill level 5 in Conjurations
 10346 | D:7      | Reached XP level 10. HP: 58/58 MP: 11/19
 10451 | D:7      | Found an ornate altar of the Wu Jian Council.
 10451 | D:7      | Found an opulent altar of Gozag.
 10452 | D:7      | Found an iron altar of Okawaru.
 10453 | D:7      | Found a glowing golden altar of the Shining One.
 10454 | D:7      | Found a basalt altar of Yredelemnul.
 11094 | D:7      | Found an ancient bone altar of Kikubaaqudgha.
 11611 | D:8      | Reached skill level 9 in Earth Magic
 11770 | D:8      | Reached skill level 5 in Fighting
 11774 | D:7      | Reached skill level 5 in Armour
 12276 | D:8      | Found Ohom's Antique Armour Shop.
 13583 | D:8      | Reached XP level 11. HP: 64/64 MP: 14/21
 13722 | D:8      | Reached skill level 10 in Earth Magic
 13781 | D:8      | Found a staircase to the Lair.
 14354 | Lair:1   | Entered Level 1 of the Lair of Beasts
 15194 | D:8      | Reached skill level 5 in Dodging
 15471 | Lair:1   | Noticed a five-headed hydra
 15492 | Lair:1   | Killed a five-headed hydra
 15833 | Lair:1   | Noticed an eight-headed hydra
 15847 | Lair:1   | Killed an eight-headed hydra
 16199 | Lair:1   | Learned a level 2 spell: Blink
 16301 | Lair:1   | Noticed a four-headed hydra
 16308 | Lair:1   | Killed a four-headed hydra
 16309 | Lair:1   | Reached skill level 11 in Earth Magic
 16309 | Lair:1   | Reached XP level 12. HP: 71/71 MP: 9/24
 17203 | Lair:2   | Noticed a six-headed hydra
 17212 | Lair:2   | HP: 3/71 [six-headed hydra (1)]
 17213 | Lair:2   | Killed a six-headed hydra
 17549 | Lair:2   | Found a frozen archway.
 17571 | IceCv    | Entered an ice cave
 17687 | IceCv    | HP: 3/71 [cane toad simulacrum (20)]
 17688 | Lair:2   | Slain by a wolf

Illustrated notes

Levels and vault maps discovered:
D:1:      nicolae_arrival_somewhat_less_tricky_arrival, layout_basic
D:2:      layout_basic, supply_closet_lemuel
D:3:      minmay_skewed_foursquare, layout_loops_ring,
          eat_drink_and_be_merry_uskayaw, uniq_natasha, uniq_ijyb
D:4:      layout_loops_ring, makhleb_heckhound_becter, enter_ossuary_2,
          chequers_serial_rivers_micro_c, minmay_misc_feat_roman,
          abandoned_shop, minmay_stone_trees_small, serial_park_tiny_2,
          uniq_crazy_yiuf_cottage, uniq_blork_the_orc, uniq_edmund
D:5:      cheibrodos_thug_alley, layout_basic, minmay_temple_entry_butterflies,
          serial_shops, shop, uniq_sigmund
D:6:      layout_basic, minmay_misc_feat_more_columns, minmay_liquid_box
D:7:      layout_basic, lemuel_mausoleum_altar_kikubaaqudgha,
          grunt_temple_overflow_open, uniq_menkaure
D:8:      layout_basic, erik_lair_dragon, serial_shops, nicolae_shop_waterfront
Temple:   nicolae_temple_great_sept
Lair:1:   layout_small_grid, minivault_27
Lair:2:   layout_loops_ring, minmay_snake_entry_spellcaster,
          portal_ice_cave_entry_pillars_1, serial_bayou_shore_b

Skill      XL: |  1  2  3  4  5  6  7  8  9 10 11 |
---------------+----------------------------------+-----
Earth Magic    | 4 5 6 7 8 9 11 | 11.3
Armour         | 1 2 3 4 5 6 |  6.8
Fighting       | 1 2 3 4 5 6 |  6.9
Dodging        | 2 3 4 5 |  5.5
Stealth        | 3 4 5 6 7 |  7.9
Spellcasting   | 3 4 5 6 7 8 |  8.6
Conjurations   | 1 3 5 6 8 |  8.8
Transmutations | |  0.7

Action                   |  1- 3 |  4- 6 |  7- 9 | 10-12 || total
-------------------------+-------+-------+-------+-------++-------
Melee: Unarmed           |     7 |       |       |       ||     7
       War axe           |       |    31 |    71 |    55 ||   157
       Short sword       |       |   160 |    40 |       ||   200
 Cast: Sandblast         |    37 |     7 |    83 |    38 ||   165
       Stone Arrow       |       |    20 |    70 |   220 ||   310
Evoke: Wand              |       |       |    11 |     4 ||    15
  Use: Scroll            |     7 |     1 |     2 |     9 ||    19
       Potion            |       |     4 |     4 |     4 ||    12
 Stab: Sleeping          |       |     2 |     4 |     1 ||     7
       Invisible         |       |       |       |     1 ||     1
Armor: Robe              |     8 |       |       |       ||     8
       Leather armour    |       |    69 |    63 |    87 ||   219
       Skin              |       |    35 |       |       ||    35
Dodge: Dodged            |    15 |    79 |   125 |   125 ||   344
